 Dungeon Crawl Stone Soup version 0.21-a0-94-gdd6ab6a (webtiles) character file.

7588 Ordine the Basher (level 11, -10/60 HPs)
             Began as a Gargoyle Fighter on July 3, 2017.
             Was a High Priest of Okawaru.
             Mangled by an orc warrior
             ... wielding a +0 glaive
              (12 damage)
             ... on level 9 of the Dungeon.
             The game lasted 00:23:43 (9217 turns).

Ordine the Basher (Gargoyle Fighter)                Turns: 9217, Time: 00:23:44

Health: -10/60     AC: 22    Str: 26    XL:     11   Next: 17%
Magic:  11/11      EV:  6    Int:  8    God:    Okawaru [*****.]
Gold:   471        SH: 13    Dex: 12    Spells: 8/10 levels left

rFire    + . .     SeeInvis +   v - +0 morningstar
rCold    + . .     Gourm    .   c - +0 shield
rNeg     + . .     Faith    .   h - +1 plate armour
rPois    ∞         Spirit   .   m - +0 helmet
rElec    +         Reflect  .   (no cloak)
rCorr    +         Harm     .   y - +0 pair of gloves {archery}
MR       .....                  (no boots)
Stlth    ..........             (no amulet)
HPRegen  0.20/turn              q - ring of see invisible
MPRegen  0.12/turn              (no ring)

@: mighty, resistant
A: negative energy resistance 1, electricity resistance, unbreathing,
petrification resistance, rot immunity, AC +7
a: Heroism, Finesse, Renounce Religion


You were on level 9 of the Dungeon.
You worshipped Okawaru.
Okawaru was extremely pleased with you.
You were not hungry.

You visited 2 branches of the dungeon, and saw 10 of its levels.

You collected 471 gold pieces.

Inventory:

Hand Weapons
 v - a +0 morningstar (weapon)
Armour
 c - a +0 shield (worn)
 h - a +1 plate armour (worn)
 m - a +0 helmet (worn)
 y - a +0 pair of gloves of archery (worn)
Jewellery
 q - a ring of see invisible (left hand)
Scrolls
 g - a scroll of enchant armour
 k - a scroll of recharging
 l - 5 scrolls of remove curse
 p - 4 scrolls of teleportation
 w - a scroll of amnesia
 z - a scroll of immolation
Potions
 e - a potion of haste
 i - a potion of brilliance
 n - a potion of mutation
 o - a potion of agility
 t - 3 potions of flight
 x - a potion of resistance
Comestibles
 a - 9 chunks of flesh
 b - a meat ration
 f - 6 bread rations
 j - 4 royal jellies
 r - 24 fruits


   Skills:
 - Level 3.2 Fighting
 * Level 13.3 Maces & Flails
 - Level 3.2 Armour
 + Level 11.3 Shields


You had 8 spell levels left.
You knew the following spells:

 Your Spells              Type           Power        Failure   Level  Hunger
b - Blink                 Tloc           N/A          100%        2    ###....


Dungeon Overview and Level Annotations

Branches:
Dungeon (9/15)             Temple (1/1) D:4            Lair (0/6) D:8
    Orc: D:9-12

Altars:
Ashenzari
Cheibriados
Dithmenos
Elyvilon
Fedhas
Gozag
Hepliaklqana
Kikubaaqudgha
Makhleb
Nemelex Xobeh
Okawaru
Qazlal
Ru
Sif Muna
Trog
Uskayaw
Vehumet
Wu Jian
Xom
Yredelemnul
Zin
The Shining One
Jiyva

Shops:
D:6 !

Annotations:
D:9 1 runed door, exclusion: obsidian statue


Innate Abilities, Weirdness & Mutations

You are resistant to torment.
Your stone body is resilient. (AC +7)
You are immune to poison.
You resist negative energy. (rN+)
You are resistant to electric shocks. (rElec)
You can survive without breathing.
You are immune to petrification.
You are immune to rotting.


Message History

You block the orc warrior's attack.
You hit the orc warrior but do no damage.
You hit the orc warrior but do no damage.
The orc warrior hits you with a glaive!
* * * LOW HITPOINT WARNING * * *
You feel very mighty all of a sudden. You block the orc warrior's attack.
Unknown command.
You hit the orc warrior.
The orc warrior is lightly wounded.
The orc warrior hits you but does no damage.
You barely miss the orc warrior.
The orc warrior is lightly wounded.
You impale the orc warrior!!
The orc warrior is almost dead.
You block the orc warrior's attack.
You hit the orc warrior but do no damage.
The orc warrior is almost dead.
The orc warrior hits you with a glaive!
You die...

.##............##..'.........#
.##............#####.........#
################ ##'########
#.### #...## ###..# #####'##
######......#
###############.@oo'......#
........>.......####......#######
################# #......'(....#
#.[....#####)# #......# #.(
######## ###


You could see an orc warrior and an orc.

Vanquished Creatures
  3 two-headed ogres (D:9)
  Grinder (D:4)
  2 hippogriffs
  A wyvern (D:9)
  A steam dragon (D:8)
  A vampire mosquito (D:7)
  Edmund (D:6)
  2 orc warriors
  2 sky beasts (D:7)
  2 ice beasts
  2 necrophages
  4 ogres
  2 phantoms (D:6)
  A centaur (D:9)
  4 big kobolds
  6 bullfrogs
  Blork the orc (D:4)
  A wyvern zombie (D:8)
  4 scorpions
  5 killer bees
  5 wights (D:6)
  2 howler monkeys
  5 crimson imps
  2 quasits
  A bullfrog zombie (D:8)
  2 jellies
  4 orc priests
  2 gnoll shamans
  5 hounds
  A bullfrog skeleton (D:6)
  A centaur skeleton (D:8)
  Jessica (D:2)
  Ijyb (D:4)
  5 iguanas
  Natasha (thrice) (D:4)
  10 orc wizards
  7 worker ants
  A howler monkey zombie (D:5)
  16 gnolls
  12 adders
  A shadow imp (D:7)
  An ooze (D:3)
  4 leopard geckos
  41 orcs
  3 ball pythons
  7 bats
  6 giant cockroaches
  4 goblins
  9 hobgoblins
  11 jackals
  15 kobolds
  6 quokkas
  5 frilled lizards
  A leopard gecko skeleton (D:3)
  A quokka zombie (D:9)
  9 rats
256 creatures vanquished.

Vanquished Creatures (others)
  A fungus (D:8)
1 creature vanquished.

Grand Total: 257 creatures vanquished

Notes
Turn   | Place    | Note
-------+----------+-------------------------------------------
     0 | D:1      | Ordine the Gargoyle Fighter began the quest for the Orb.
     0 | D:1      | Reached XP level 1. HP: 14/14 MP: 1/1
   167 | D:1      | Reached XP level 2. HP: 17/19 MP: 2/2
   597 | D:1      | Reached XP level 3. HP: 23/23 MP: 3/3
   725 | D:1      | Reached skill level 3 in Maces & Flails
  1293 | D:2      | Reached XP level 4. HP: 26/28 MP: 4/4
  1358 | D:2      | Noticed Jessica
  1362 | D:2      | Killed Jessica
  1418 | D:2      | Reached skill level 4 in Maces & Flails
  1706 | D:2      | Reached XP level 5. HP: 30/32 MP: 5/5
  1752 | D:2      | Found a sparkling altar of Nemelex Xobeh.
  1857 | D:3      | Found an opulent altar of Gozag.
  2120 | D:3      | Reached skill level 5 in Shields
  2234 | D:3      | Reached XP level 6. HP: 36/37 MP: 6/6
  2410 | D:3      | Reached skill level 5 in Maces & Flails
  2511 | D:3      | Found a stormy altar of Qazlal.
  2546 | D:4      | Noticed Natasha
  2551 | D:4      | Killed Natasha
  2646 | D:4      | Found a staircase to the Ecumenical Temple.
  2659 | Temple   | Entered the Ecumenical Temple
  2746 | Temple   | Became a worshipper of Warmaster Okawaru
  2940 | D:4      | Noticed Blork the orc
  2952 | D:4      | Killed Blork the orc
  2952 | D:4      | Reached skill level 6 in Maces & Flails
  2952 | D:4      | Reached XP level 7. HP: 29/41 MP: 7/7
  3114 | D:4      | Noticed Ijyb
  3127 | D:4      | Killed Ijyb
  3199 | D:4      | Noticed Grinder
  3214 | D:4      | Paralysed by Grinder for 4 turns
  3228 | D:4      | Killed Grinder
  3228 | D:4      | Reached * piety under Okawaru
  3228 | D:4      | Reached skill level 7 in Maces & Flails
  3484 | D:4      | Found a burning altar of Makhleb.
  3484 | D:4      | Noticed an Executioner
  3525 | D:4      | Noticed Natasha
  3540 | D:4      | Killed Natasha
  3605 | D:4      | Noticed Natasha
  3613 | D:4      | Killed Natasha
  3613 | D:4      | Reached XP level 8. HP: 35/46 MP: 8/8
  3635 | D:5      | Entered Level 5 of the Dungeon
  3689 | D:5      | Found a snail-covered altar of Cheibriados.
  3724 | D:5      | Found a shattered altar of Ashenzari.
  3757 | D:5      | Found a glowing silver altar of Zin.
  3758 | D:5      | Noticed an angel
  4241 | D:6      | Found Suig Qos's Distillery.
  4284 | D:6      | Reached skill level 8 in Maces & Flails
  4295 | D:6      | Reached ** piety under Okawaru
  4499 | D:5      | Found a sacrificial altar of Ru.
  4758 | D:6      | Noticed Edmund
  4769 | D:6      | Killed Edmund
  4849 | D:6      | Reached skill level 9 in Maces & Flails
  4982 | D:6      | Reached XP level 9. HP: 34/51 MP: 9/9
  5252 | D:6      | Reached *** piety under Okawaru
  5480 | D:6      | Reached skill level 10 in Maces & Flails
  5683 | D:6      | Learned a level 2 spell: Blink
  5922 | D:6      | Found a hide-covered altar of Uskayaw.
  6511 | D:7      | Reached **** piety under Okawaru
  6511 | D:7      | Reached skill level 11 in Maces & Flails
  6519 | D:7      | Reached XP level 10. HP: 54/56 MP: 10/10
  6540 | D:7      | Paralysed by a crimson imp for 2 turns
  6828 | D:7      | Found a radiant altar of Vehumet.
  6828 | D:7      | Found a hazy altar of Hepliaklqana.
  6829 | D:7      | Found an ornate altar of the Wu Jian Council.
  7042 | D:8      | Reached skill level 10 in Shields
  7303 | D:8      | Reached ***** piety under Okawaru
  7347 | D:8      | Reached skill level 12 in Maces & Flails
  7785 | D:8      | Found a staircase to the Lair.
  8020 | D:8      | Found a blossoming altar of Fedhas.
  8292 | D:9      | Found a shadowy altar of Dithmenos.
  8344 | D:9      | Found a runed door.
  8355 | D:9      | Found a runed door.
  8362 | D:9      | Noticed an obsidian statue
  8362 | D:9      | Noticed a two-headed ogre
  8387 | D:9      | HP: 1/56 [two-headed ogre/giant club (18)]
  8391 | D:9      | Killed a two-headed ogre
  8659 | D:9      | Found a runed door.
  8673 | D:9      | Noticed an orange demon
  8842 | D:9      | Noticed a two-headed ogre
  8858 | D:9      | Killed a two-headed ogre
  8858 | D:9      | Reached skill level 13 in Maces & Flails
  8858 | D:9      | Reached XP level 11. HP: 31/60 MP: 11/11
  9135 | D:9      | Noticed a two-headed ogre
  9166 | D:9      | Killed a two-headed ogre
  9212 | D:9      | HP: 2/60 [orc warrior/glaive (8)]
  9217 | D:9      | Mangled by an orc warrior

Vault maps used:
D:1:      lemuel_arrival_funnel
D:2:      lemuel_coloured_pillars_altar, uniq_jessica
D:3:      nicolae_qazlal_eye_of_the_storm, first_bread, grunt_gozag_statues
D:4:      makhleb_altar_promises_db, minmay_temple_entry_statues_fountains,
          kennysheep_path_1, uniq_blork_the_orc, uniq_natasha, uniq_ijyb,
          uniq_grinder
D:5:      nicolae_overflow_hidden_temple, old_standard_altar,
          lemuel_doored_altar, zin_angel, kennysheep_generic_room_2
D:6:      nicolae_overflow_crystal_walls, serial_shops, shop, uniq_edmund
D:7:      minmay_the_grid_plus, gammafunk_temple_overflow_claw, minivault_19
D:8:      wad_crossroads, fedhas_altar_3, lair_entry_dummy, blue_anna_alchemist
D:9:      kennysheep_little_box, kennysheep_orc_monster_closet_entryway,
          grunt_decor_resistance, minmay_statue_crystal_thing
Temple:   pf_slimified_temple

Skill      XL: |  1  2  3  4  5  6  7  8  9 10 |
---------------+-------------------------------+-----
Maces & Flails | 3 4 6 7 9 11 13 | 13.3
Shields        | 4 5 6 8 9 11 | 11.3
Fighting       | |  3.2
Armour         | |  3.2

Action                   |  1- 3 |  4- 6 |  7- 9 | 10-12 || total
-------------------------+-------+-------+-------+-------++-------
Melee: Flail             |   142 |   236 |   367 |       ||   745
       Morningstar       |       |       |   307 |   360 ||   667
  Use: Scroll            |     4 |     6 |     6 |     9 ||    25
       Potion            |       |       |     2 |     8 ||    10
  Eat: Chunk             |     1 |     6 |    13 |     9 ||    29
Armor: Scale mail        |    22 |       |       |       ||    22
       Plate armour      |   134 |   146 |   376 |   212 ||   868
       Skin              |       |       |    50 |    10 ||    60
Dodge: Dodged            |    33 |    28 |   117 |    61 ||   239
Block: Shield            |   124 |   105 |   377 |   262 ||   868
